 Dungeon Crawl Stone Soup version 0.16-a0-3338-g714714c (webtiles) character file.

2660 Miyamura the Cutter (level 9, -3/61 HPs)
             Began as a Halfling Fighter on Dec 28, 2014.
             Was a Follower of Okawaru.
             Slain by a manticore (5 damage)
             ... on level 8 of the Dungeon.
             The game lasted 00:36:40 (9843 turns).

Miyamura the Cutter (Halfling Fighter)              Turns: 9843, Time: 00:36:41

Health: -3/61      AC: 12    Str: 16    XL:     9   Next: 94%
Magic:  9/9        EV: 14    Int: 10    God:    Okawaru [*.....]
Gold:   287        SH:  6    Dex: 14    Spells: 0 memorised, 8 levels left

rFire  . . .     SeeInvis .     a - +0 rapier
rCold  . . .     Clarity  +     b - +0 scale mail
rNeg   . . .     SustAb   .     c - +0 buckler
rPois  +         Gourm    .     (helmet restricted)
rElec  .         Spirit   .     (no cloak)
rCorr  .         Warding  .     (no gloves)
rMut   .         Stasis   .     (no boots)
MR     .....                    i - amulet of clarity
Stlth  ..........               h - +5 ring of protection
                                j - ring of poison resistance

@: not resistant to hostile enchantments, extremely unstealthy
A: horns 1, blurry vision 2, mutation resistance 1
a: Heroism, Renounce Religion


You were on level 8 of the Dungeon.
You worshipped Okawaru.
Okawaru was aware of your devotion.
You were hungry.

You visited 2 branches of the dungeon, and saw 9 of its levels.

You collected 287 gold pieces.

Inventory:

Hand weapons
 a - a +0 rapier (weapon)
 r - a +0 dagger of pain
 C - a +0 hunting sling
Missiles
 w - 20 sling bullets
 D - 165 stones (quivered)
Armour
 b - a +0 scale mail (worn)
 c - a +0 buckler (worn)
 n - a +2 helmet
Rods
 o - a +1 lightning rod (14/14)
   (You found it on level 7 of the Dungeon)
Jewellery
 h - a +5 ring of protection (right hand)
 i - an amulet of clarity (around neck)
 j - a ring of poison resistance (left hand)
 t - an uncursed ring of see invisible
 v - an uncursed ring of flight
 y - an uncursed ring of protection from fire
Magical devices
 e - a wand of flame (21)
Scrolls
 f - 6 scrolls of remove curse
 k - 2 scrolls of recharging
 z - 3 scrolls of blinking
 E - a scroll of fear
Potions
 l - 2 potions of brilliance
 m - a potion of ambrosia
Books
 x - a book of the Warp

   Spells                             Type                      Level
   a - Recall                         Summoning/Translocation      3
   b - Control Teleport               Charms/Translocation         4
   c - Force Lance                    Conjuration/Translocation    4
   d - Phase Shift                    Translocation                5
   e - Warp Weapon                    Charms/Translocation         5
   f - Summon Forest                  Summoning/Translocation      5
   g - Gell's Gravitas                Hexes/Translocation          6
Comestibles
 d - 6 bread rations
 g - 3 fruits
 p - 6 meat rations
 A - 2 beef jerkies


   Skills:
 + Level 5.6 Fighting
 + Level 7.7 Short Blades
 + Level 6.6 Slings
 + Level 6.4 Armour
 + Level 5.4 Dodging
 + Level 6.8 Shields


You had 8 spell levels left.
You didn't know any spells.

Dungeon Overview and Level Annotations

Branches:
Dungeon (8/15)             Temple (1/1) D:7
   Lair: D:8-11

Altars:
Ashenzari
Cheibriados
Dithmenos
Elyvilon
Gozag
Makhleb
Nemelex Xobeh
Okawaru
Ru
Sif Muna
Trog
Vehumet
Xom
Yredelemnul
Zin

Shops:
D:6 *

Annotations:
D:3 Gorice's ghost, average HOWn


Innate Abilities, Weirdness & Mutations

You are small and have problems with some larger weapons.
You are somewhat resistant to further mutation.
You have a pair of small horns on your head.
Scrolls take you longer to read.


Message History

You closely miss the manticore.
You headbutt the manticore, but do no damage.
The manticore is lightly wounded.
The manticore bites you but does no damage.
The manticore claws you but does no damage. x2
Read which item? (? for menu, Esc to quit)
Keep reading the scroll? [Y]es or [N]o only, please.
Keep reading the scroll?
The manticore barely misses you. The manticore closely misses you.
The manticore claws you.
You begin reading the scroll.
You continue reading the scroll.
The manticore bites you!
* * * LOW HITPOINT WARNING * * *
The manticore barely misses you. You block the manticore's attack.
You continue reading the scroll.
You block the manticore's attack. The manticore claws you!
* * * LOW HITPOINT WARNING * * *
The manticore claws you.
You die...

#+##..##.##..#####'##<######'
#.##..##'##'######)##p####
......()...........#.......
......#)...........'.......
########'##...##...####'##.
#.##...##'####...#
...'..............
...##........##...##
##'###...##@..# ..
#...##†H....... # #..
......... #. #....##...
#....# '## #....' #....##
#....# ...


You could see a manticore.

Vanquished Creatures
  Pikel (D:8)
  A sky beast (D:8)
  A black bear (D:6)
  An ice beast (D:5)
  2 ogres
  A necrophage (D:6)
  Sigmund (D:2)
  A big kobold (D:8)
  Blork the orc (D:6)
  3 giant frogs (D:6)
  A jelly (D:5)
  3 scorpions
  4 hounds
  A goliath beetle (D:6)
  A giant frog zombie (D:7)
  4 crimson imps
  4 orc wizards
  6 worker ants
  2 orc priests
  2 centaur skeletons
  2 iguanas
  Ijyb (D:4)
  A hound skeleton (D:8)
  2 worker ant zombies (D:2)
  10 adders
  A giant mite (D:1)
  3 worms
  An adder zombie (D:2)
  An adder skeleton (D:5)
  4 giant geckos
  2 oozes
  21 orcs
  A ball python (D:7)
  5 bats
  2 bat skeletons (D:2)
  A bat zombie (D:6)
  10 giant cockroaches
  14 hobgoblins
  3 jackals (D:4)
  13 kobolds
  A giant gecko skeleton (D:6)
  2 giant gecko zombies
  3 giant newts
  11 goblins
  A jackal skeleton (D:7)
  4 quokkas
  11 rats
172 creatures vanquished.

Vanquished Creatures (others)
  A centaur skeleton (D:8)
  An adder (D:7)
2 creatures vanquished.

Grand Total: 174 creatures vanquished

Notes
Turn   | Place    | Note
--------------------------------------------------------------
     0 | D:1      | Miyamura, the Halfling Fighter, began the quest for the Orb.
     0 | D:1      | Reached XP level 1. HP: 15/15 MP: 1/1
   156 | D:1      | Reached XP level 2. HP: 14/20 MP: 2/2
   859 | D:1      | Reached XP level 3. HP: 23/26 MP: 3/3
  1177 | D:1      | Reached skill level 1 in Dodging
  1391 | D:2      | Noticed Sigmund
  1432 | D:2      | Reached XP level 4. HP: 19/31 MP: 4/4
  2001 | D:2      | Reached XP level 5. HP: 36/36 MP: 5/5
  2077 | D:2      | Found a shattered altar of Ashenzari.
  2113 | D:2      | Killed Sigmund
  2113 | D:2      | Reached skill level 4 in Short Blades
  2448 | D:2      | Reached XP level 6. HP: 33/42 MP: 6/6
  2842 | D:3      | Found a sacrificial altar of Ru.
  3346 | D:3      | Noticed Gorice's ghost (average HOWn)
  3364 | D:4      | Noticed Ijyb
  3413 | D:4      | Killed Ijyb
  4029 | D:3      | Found a deep blue altar of Sif Muna.
  4029 | D:3      | Found a shadowy altar of Dithmenos.
  4029 | D:3      | Found a sparkling altar of Nemelex Xobeh.
  4062 | D:4      | Reached skill level 5 in Short Blades
  4062 | D:4      | Reached XP level 7. HP: 44/48 MP: 7/7
  4604 | D:5      | Entered Level 5 of the Dungeon
  4725 | D:4      | Reached skill level 1 in Slings
  4791 | D:5      | Reached skill level 5 in Shields
  5115 | D:5      | Reached XP level 8. HP: 29/54 MP: 8/8
  5492 | D:5      | Reached skill level 5 in Armour
  5701 | D:5      | You fall through a shaft!
  5702 | D:6      | Noticed Blork the orc
  5712 | D:6      | Killed Blork the orc
  5931 | D:6      | Reached skill level 6 in Short Blades
  6849 | D:6      | Found Fyroam's Assorted Antiques.
  6901 | D:6      | Gained mutation: Scrolls take you a little longer to read. [potion of mutation]
  6901 | D:6      | Gained mutation: Scrolls take you longer to read. [potion of mutation]
  7015 | D:6      | Found a sparkling altar of Nemelex Xobeh.
  7272 | D:6      | Reached XP level 9. HP: 43/60 MP: 9/9
  7538 | D:6      | Reached skill level 5 in Fighting
  7717 | D:6      | Reached skill level 5 in Slings
  8221 | D:7      | Found a staircase to the Ecumenical Temple.
  8256 | Temple   | Entered the Ecumenical Temple
  8494 | Temple   | Became a worshipper of Warmaster Okawaru
  8587 | D:7      | Gained mutation: You have a pair of small horns on your head. [potion of mutation]
  8594 | D:7      | Found a white marble altar of Elyvilon.
  8856 | D:7      | Reached skill level 7 in Short Blades
  9202 | D:8      | Found a basalt altar of Yredelemnul.
  9376 | D:8      | Reached skill level 5 in Dodging
  9631 | D:8      | Noticed Pikel
  9689 | D:8      | Killed Pikel
  9689 | D:8      | Acquired Okawaru's first power
  9828 | D:8      | Noticed a manticore
  9843 | D:8      | HP: 2/61 [manticore (7)]
  9843 | D:8      | Slain by a manticore

Action                   |  1- 3 |  4- 6 |  7- 9 || total
-------------------------+-------+-------+-------++-------
Melee: Rapier            |   106 |   293 |   657 ||  1056
       Dagger            |       |    71 |       ||    71
 Fire: Hunting sling     |       |     3 |   185 ||   188
  Use: Scroll            |     6 |     8 |     4 ||    18
       Potion            |     1 |     8 |     7 ||    16
 Stab: Invisible         |       |     1 |       ||     1
  Eat: Chunk             |     2 |     9 |    16 ||    27
       Beef jerky        |       |       |     2 ||     2
